 Dungeon Crawl Stone Soup version 0.30.0-19-gbf45117a57 (webtiles) character file.

Game seed: 7219676491243249030

24367 qw the Cleaver (level 13, -11/82 HPs)
             Began as a Gargoyle Fighter on May 24, 2023.
             Was an Elder of Okawaru.
             Mangled by Rupert
             ... wielding a +4 executioner's axe of flaming
              (23 damage)
             ... on level 4 of the Lair of Beasts.
             The game lasted 00:05:01 (12216 turns).

qw the Cleaver (Gargoyle Fighter)                  Turns: 12216, Time: 00:05:01

Health: -11/82     AC: 30    Str: 24    XL:     13   Next: 12%
Magic:  20/20      EV:  9    Int: 10    God:    Okawaru [****..]
Gold:   484        SH: 11    Dex:  9    Spells: 12/12 levels left

rFire   + . .        Y - +2 war axe (heavy)
rCold   . . .        c - +0 buckler
rNeg    + . .        e - +0 plate armour
rPois   inf          (helmet restricted)
rElec   +            g - scarf {repulsion}
rCorr   .            p - +1 pair of gloves
SInv    +            u - +0 pair of boots
Will    .....        b - amulet of reflection Stlth
                     (no ring)
HPRegen 0.33/turn    l - ring of protection from fire
MPRegen 0.17/turn

%: repel missiles, reflection
@: about to teleport, heroic
A: sickness immunity, AC +9, negative energy resistance 1, electricity
resistance, torment resistance 1, petrification resistance, horns 1, see
invisible
a: Renounce Religion, Heroism, Finesse


You were on level 4 of the Lair of Beasts.
You worshipped Okawaru.
Okawaru was greatly pleased with you.
You visited 3 branches of the dungeon, and saw 13 of its levels.

You collected 743 gold pieces.
You spent 259 gold pieces at shops.


Innate Abilities, Weirdness & Mutations

You are immune to sickness and miasma.
Your stone body is resilient. (AC +9)
You are immune to poison.
You resist negative energy. (rN+)
You are resistant to electric shocks. (rElec)
You are resistant to unholy torment.
You are immune to petrification.
You have a pair of small horns on your head.
You have supernaturally acute eyesight. (SInv)


   Skills:
 - Level 10.0(15.0) Fighting
 + Level 13.7(18.7) Axes
 - Level 2.7(7.7) Throwing
 - Level 9.0(14.0) Armour
 - Level 2.9(7.9) Dodging
 - Level 6.0(11.0) Shields
 - Level 10.0 Invocations


You had 12 spell levels left.
You didn't know any spells.
Your spell library was empty.

Inventory:

Hand Weapons
 j - a +0 morningstar
 Y - a +2 heavy war axe (weapon)
Missiles
 v - 2 boomerangs (quivered)
Armour
 c - a +0 buckler (worn)
 e - a +0 plate armour (worn)
 g - a scarf of repulsion (worn)
 i - the +0 plate armour of Crawling {Harm rCorr Dex-5}
   (Okawaru gifted it to you on level 2 of the Lair of Beasts)

   Dex:       It affects your dexterity (-5).
   rCorr:     It protects you from acid and corrosion.
   Harm:      It increases damage dealt and taken.
 n - the +2 ring mail of Vlad {Drain rF+++ rCorr SInv}
   (You found it on level 4 of the Dungeon)

   rF:        It renders you almost immune to fire.
   SInv:      It lets you see invisible.
   rCorr:     It protects you from acid and corrosion.
   Drain:     It drains your maximum health when unequipped.
 p - a +1 pair of gloves (worn)
 r - a +2 pair of boots
 t - a +0 cloak
 u - a +0 pair of boots (worn)
Jewellery
 b - an amulet of reflection (around neck)
 l - a ring of protection from fire (right hand)
 q - a ring of ice
Wands
 m - a wand of digging (4)
Scrolls
 s - 2 scrolls of identify
Potions
 a - a potion of curing
 d - 2 potions of might
 f - a potion of heal wounds
 h - 4 potions of lignification
 k - 3 potions of mutation
 o - a potion of attraction
 x - a potion of haste {unknown}

Dungeon Overview and Level Annotations

Branches:
Dungeon (8/15)             Temple (1/1) D:4            Lair (4/5) D:8
 Shoals (0/4) Lair:3        Snake (0/4) Lair:3
  Slime: Lair:4-5

Altars:
Ashenzari
Dithmenos
Elyvilon
Fedhas
Gozag
Hepliaklqana
Kikubaaqudgha
Makhleb
Nemelex Xobeh
Okawaru
Qazlal
Sif Muna
Trog
Uskayaw
Vehumet
Wu Jian
Xom
Yredelemnul
Zin
The Shining One

Shops:
D:1 [   D:6 (   D:8 [

Portals:
Abyss: D:8

Annotations:
D:8 4 transporters, qw's ghost, novice GrFi
Lair:1 2 transporters
Lair:3 2 runed translucent doors, qw's ghost, journeyman GrFi
Lair:4 Rupert


Message History

You are confused.
12207 ||| DRINKING 2 potions of curing.
You feel better.
12207 ||| (to cure confusion)
You slice Rupert!!
Rupert is heavily wounded.
Rupert hits you with a +4 executioner's axe of flaming!
Rupert burns you.
You open Rupert like a pillowcase!!! You headbutt Rupert.
Rupert is almost dead.
Rupert barely misses you.
You slash Rupert!
Rupert is almost dead.
Rupert hits you with a +4 executioner's axe of flaming!
Rupert burns you.
You hit Rupert. Your headbutt misses Rupert.
Rupert is almost dead.
Rupert hits you with a +4 executioner's axe of flaming!!
Rupert burns you.
You hit Rupert but do no damage.
Rupert is almost dead.
Rupert roars madly and goes into a rage!
Rupert goes berserk!
You hit Rupert. You headbutt Rupert, but do no damage.
Rupert is almost dead.
Rupert hits you with a +4 executioner's axe of flaming!!
Rupert burns you. Rupert barely misses you.
12214 ||| READING scroll of teleportation.
As you read the scroll of teleportation, it crumbles to dust.
You feel strangely unstable. Rupert hits you but does no damage. x2
12215 ||| DRINKING 3 potions of heal wounds.
You feel much better.
Rupert hits you with a +4 executioner's axe of flaming!!
Rupert burns you.
12216 ||| DRINKING 2 potions of heal wounds.
You feel much better.
Rupert hits you with a +4 executioner's axe of flaming!!
Rupert burns you.
Rupert hits you with a +4 executioner's axe of flaming!!
You die...

..##..#
##.#
#..##.#
#.#
#.##..#
#.#
#>###.##
#.#
#.....P#
P.#
#.##P%##
#.#
#..##.#
#.#
##.###..P
#.# #.@#
#....
......#@#
#..P...
.........
.......
.#......##
..##P#
#...P###
#..## #..
#.


You could see Rupert (berserk).

Vanquished Creatures
  2 hydras
  2 boulder beetles
  3 skysharks
  A deep elf pyromancer (D:7)
  5 elephants (Lair:4)
  A black mamba (Lair:2)
  Maggie (D:8)
  10 cane toads
  3 rime drakes
  3 komodo dragons
  3 polar bears
  12 blink frogs
  Sigmund (D:2)
  3 wyverns
  A basilisk (Lair:1)
  2 wraiths
  21 yaks
  4 nagas (Lair:3)
  An acid dragon (D:8)
  9 water moccasins
  2 sky beasts
  An orc warrior (D:6)
  An ice beast (D:5)
  2 black bears
  11 wolves (Lair:2)
  3 phantoms
  A centaur (D:7)
  2 kobold brigands
  17 bullfrogs
  4 scorpions
  3 wights (D:6)
  2 water moccasin zombies (D:5)
  6 killer bees (D:8)
  2 howler monkeys
  An electric eel (Lair:3)
  4 hounds
  5 jellies
  2 orc priests
  4 sleepcaps
  Natasha (thrice) (D:3)
  4 hell rats (Lair:2)
  2 iguanas
  4 orc wizards
  A killer bee zombie (D:5)
  A hound zombie (D:5)
  9 river rats (D:5)
  8 adders
  2 white imps
  2 ufetubi
  An adder zombie (D:5)
  2 worms (D:2)
  4 dart slugs
  20 orcs
  6 bats
  10 endoplasms
  3 giant cockroaches
  4 goblins
  6 hobgoblins
  2 quokkas
  6 ball pythons
  3 frilled lizards (D:1)
  19 kobolds
  17 rats
300 creatures vanquished.

Notes
Turn   | Place    | Note
-------+----------+-------------------------------------------
     0 | D:1      | qw the Gargoyle Fighter began the quest for the Orb.
     0 | D:1      | Reached XP level 1. HP: 14/14 MP: 1/1
     0 | D:1      | 0 ||| qw: Version: 0.2-a-98-g5d7165a
     0 | D:1      | 0 ||| qw: Game counter: 57
     0 | D:1      | 0 ||| qw: Always use a shield: true
     0 | D:1      | 0 ||| qw: God list: Okawaru
     0 | D:1      | 0 ||| qw: Allow faded altars: false
     0 | D:1      | 0 ||| qw: Do Orc after D:15 true
     0 | D:1      | 0 ||| qw: Do second Lair branch before Depths: true
     0 | D:1      | 0 ||| qw: Lair rune preference: random
     0 | D:1      | 0 ||| qw: Plans: Normal, Zot:1-4, God:TSO, Crypt, Tomb,
                  | Pan, Slime:5, Hells, Abyss, Win
     0 | D:1      | 0 ||| PLANNING D:1-11
    56 | D:1      | 56 ||| Stepping ~*~*~tactically~*~*~ (hiding).
    63 | D:1      | Reached skill level 2 in Axes
   272 | D:1      | Reached XP level 2. HP: 16/19 MP: 2/2
   288 | D:1      | 288 ||| DROPPING +0 club.
   376 | D:1      | 376 ||| Stepping ~*~*~tactically~*~*~ (stealth).
   398 | D:1      | Reached skill level 3 in Axes
   433 | D:1      | Reached XP level 3. HP: 23/23 MP: 3/3
   626 | D:1      | Found Uhouziec's Antique Armour Emporium.
   631 | D:1      | 631 ||| SHOPLISTING crude buckler (142 gold, have 68).
   631 | D:1      | 631 ||| SHOPLISTING dyed leather armour (75 gold, have 68).
   631 | D:1      | 631 ||| BUYING helmet (67 gold).
   631 | D:1      | Bought a helmet for 67 gold pieces
   631 | D:1      | 631 ||| SHOPLISTING tower shield (67 gold, have 1).
   844 | D:1      | 844 ||| UPGRADING to +0 helmet.
   849 | D:1      | 849 ||| READING scroll labelled GUOFFE EKENUY.
  1009 | D:2      | 1009 ||| Stepping ~*~*~tactically~*~*~ (hiding).
  1010 | D:2      | 1010 ||| Stepping ~*~*~tactically~*~*~ (hiding).
  1266 | D:2      | Reached XP level 4. HP: 28/28 MP: 4/4
  1267 | D:2      | 1267 ||| Stepping ~*~*~tactically~*~*~ (hiding).
  1268 | D:2      | 1268 ||| Stepping ~*~*~tactically~*~*~ (hiding).
  1331 | D:2      | Noticed Sigmund
  1337 | D:2      | Killed Sigmund
  1338 | D:2      | Reached skill level 5 in Axes
  1338 | D:2      | Reached XP level 5. HP: 26/32 MP: 5/5
  1375 | D:2      | 1375 ||| Stepping ~*~*~tactically~*~*~ (hiding).
  1533 | D:2      | Reached XP level 6. HP: 36/37 MP: 6/6
  1558 | D:2      | Found a broken altar of Ashenzari.
  1738 | D:2      | 1738 ||| READING scroll labelled WIGOYQ LISAL.
  1741 | D:2      | 1741 ||| READING 2 scrolls labelled VEKKAD VAWO.
  1842 | D:2      | 1842 ||| DRINKING 2 dark potions.
  1843 | D:2      | 1843 ||| DROPPING scroll of silence.
  1844 | D:2      | 1844 ||| DROPPING potion of flight.
  2133 | D:3      | Noticed Natasha
  2134 | D:3      | 2134 ||| Stepping ~*~*~tactically~*~*~ (hiding).
  2139 | D:3      | Killed Natasha
  2216 | D:3      | Found a hide-covered altar of Uskayaw.
  2293 | D:3      | Noticed Natasha
  2294 | D:3      | 2294 ||| Stepping ~*~*~tactically~*~*~ (stealth).
  2304 | D:3      | Killed Natasha
  2425 | D:3      | Noticed Natasha
  2426 | D:3      | 2426 ||| Stepping ~*~*~tactically~*~*~ (stealth).
  2428 | D:3      | 2428 ||| Stepping ~*~*~tactically~*~*~ (hiding).
  2432 | D:3      | Killed Natasha
  2523 | D:3      | 2523 ||| READING scroll labelled KOLIOCK HUEPRA.
  2524 | D:3      | 2524 ||| DRINKING 2 purple potions.
  2525 | D:3      | 2525 ||| DRINKING 2 bubbling grey potions.
  2614 | D:4      | Found a staircase to the Ecumenical Temple.
  2615 | D:4      | 2615 ||| PLANNING TEMPLE
  2623 | Temple   | Entered the Ecumenical Temple
  2737 | Temple   | 2737 ||| PLANNING D:1-11
  2905 | D:4      | Found a shimmering altar of Xom.
  2940 | D:4      | Reached skill level 1 in Dodging
  3146 | D:4      | Reached skill level 6 in Axes
  3188 | D:4      | 3188 ||| DROPPING +3 war axe.
  3207 | D:4      | Identified the +2 ring mail of Vlad {Drain rF+++ rCorr
                  | SInv}
  3277 | D:4      | Reached XP level 7. HP: 43/43 MP: 7/7
  3286 | D:4      | Found an iron altar of Okawaru.
  3287 | D:4      | 3287 ||| PLANNING OKAWARU WORSHIP
  3287 | D:4      | 3287 ||| UPGRADING to +0 chain mail.
  3297 | D:4      | 3297 ||| DROPPING +0 scale mail.
  3298 | D:4      | 3298 ||| UPGRADING to +2 ring mail of Vlad {Drain rF+++
                  | rCorr SInv}.
  3311 | D:4      | Became a worshipper of Warmaster Okawaru
  3311 | D:4      | 3311 ||| PLANNING D:1-11
  3315 | D:4      | Found an opulent altar of Gozag.
  3319 | D:4      | Found a sparkling altar of Nemelex Xobeh.
  3676 | D:4      | 3676 ||| READING scroll labelled XOTHRI HUCA.
  3677 | D:4      | 3677 ||| READING scroll labelled EXTUOG REHOGH.
  3678 | D:4      | 3678 ||| READING scroll labelled ZYETUA KOJ XIT.
  3679 | D:4      | 3679 ||| DRINKING 2 fuming brown potions.
  3784 | D:4      | 3784 ||| DROPPING potion of berserk rage.
  3807 | D:5      | Entered Level 5 of the Dungeon
  3942 | D:5      | Reached skill level 7 in Axes
  4151 | D:5      | HP: 8/44 [river rat (5)]
  4152 | D:5      | 4152 ||| READING scroll of teleportation.
  4152 | D:5      | HP: 2/44 [river rat (6)]
  4274 | D:5      | 4274 ||| Stepping ~*~*~tactically~*~*~ (stealth).
  4338 | D:5      | Noticed a wraith
  4346 | D:5      | Killed a wraith
  4346 | D:5      | Reached * piety under Okawaru
  4347 | D:5      | Reached XP level 8. HP: 20/49 MP: 8/8
  4465 | D:5      | 4465 ||| Stepping ~*~*~tactically~*~*~ (hiding).
  4483 | D:5      | Reached skill level 1 in Invocations
  4622 | D:5      | 4622 ||| Stepping ~*~*~tactically~*~*~ (stealth).
  4628 | D:5      | Found a basalt altar of Yredelemnul.
  4637 | D:5      | Reached skill level 3 in Invocations
  4869 | D:5      | 4869 ||| UPGRADING to amulet of reflection.
  4874 | D:5      | 4874 ||| READING scroll labelled WULODOSMIDEF.
  4914 | D:6      | Reached ** piety under Okawaru
  4917 | D:6      | Reached skill level 8 in Axes
  4922 | D:6      | Reached XP level 9. HP: 48/55 MP: 12/12
  4925 | D:6      | Reached skill level 6 in Fighting
  4980 | D:6      | 4980 ||| Stepping ~*~*~tactically~*~*~ (stealth).
  4992 | D:6      | 4992 ||| INVOKING Heroism.
  5106 | D:6      | Reached skill level 9 in Axes
  5118 | D:6      | Reached *** piety under Okawaru
  5291 | D:6      | 5291 ||| Stepping ~*~*~tactically~*~*~ (stealth).
  5294 | D:6      | 5294 ||| INVOKING Heroism.
  5317 | D:6      | Noticed a +0 lajatang
  5319 | D:6      | Found Utemp's Weapon Shoppe.
  5321 | D:6      | Noticed a +0 demon blade
  5626 | D:6      | 5626 ||| DROPPING +0 chain mail.
  5627 | D:6      | 5627 ||| UPGRADING to +0 cloak.
  5632 | D:6      | 5632 ||| UPGRADING to +0 pair of boots.
  5637 | D:6      | 5637 ||| UPGRADING to ring of ice.
  5638 | D:6      | 5638 ||| READING scroll labelled ZOUNTIYM BIVAESH.
  5639 | D:6      | 5639 ||| READING scroll labelled YLUHIUMMESCH.
  5640 | D:6      | 5640 ||| READING scroll labelled LUUG SIGEYWK.
  5641 | D:6      | 5641 ||| READING 2 scrolls of identify.
  5641 | D:6      | 5641 ||| IDENTIFYING golden potion
  5737 | D:7      | 5737 ||| Stepping ~*~*~tactically~*~*~ (stealth).
  5739 | D:7      | 5739 ||| Stepping ~*~*~tactically~*~*~ (hiding).
  5742 | D:7      | 5742 ||| Stepping ~*~*~tactically~*~*~ (hiding).
  5883 | D:7      | 5883 ||| INVOKING Heroism.
  5993 | D:7      | Noticed a deep elf pyromancer
  5994 | D:7      | 5994 ||| Stepping ~*~*~tactically~*~*~ (stealth).
  5997 | D:7      | Noticed a boulder beetle
  5998 | D:7      | 5998 ||| Stepping ~*~*~tactically~*~*~ (stealth).
  6069 | D:7      | 6069 ||| Stepping ~*~*~tactically~*~*~ (stealth).
  6071 | D:7      | 6071 ||| INVOKING Heroism.
  6097 | D:7      | Killed a boulder beetle
  6098 | D:7      | Reached skill level 10 in Axes
  6098 | D:7      | Reached XP level 10. HP: 42/63 MP: 13/13
  6100 | D:7      | 6100 ||| Stepping ~*~*~tactically~*~*~ (stealth).
  6103 | D:7      | 6103 ||| Stepping ~*~*~tactically~*~*~ (stealth).
  6107 | D:7      | 6107 ||| Stepping ~*~*~tactically~*~*~ (stealth).
  6108 | D:7      | 6108 ||| Stepping ~*~*~tactically~*~*~ (stealth).
  6181 | D:7      | 6181 ||| Stepping ~*~*~tactically~*~*~ (hiding).
  6315 | D:7      | Killed a deep elf pyromancer
  6732 | D:7      | 6732 ||| READING scroll labelled ZAUQ GAINTEADE.
  6825 | D:8      | Found a transporter.
  6827 | D:8      | Found a transporter.
  6828 | D:8      | Noticed a boulder beetle
  6846 | D:8      | 6846 ||| INVOKING Heroism.
  7011 | D:8      | Found a staircase to the Lair.
  7021 | D:8      | 7021 ||| DROPPING +0 whip.
  7159 | D:8      | Found Zaott's Armour Shoppe.
  7167 | D:8      | 7167 ||| SHOPLISTING +2 plate armour "Eset Towa" {Dex+2}
                  | (707 gold, have 322).
  7167 | D:8      | 7167 ||| BUYING scarf of repulsion (192 gold).
  7167 | D:8      | Bought a scarf of repulsion for 192 gold pieces
  7170 | D:8      | Noticed Maggie
  7187 | D:8      | 7187 ||| INVOKING Heroism.
  7188 | D:8      | Killed Maggie
  7436 | D:8      | Noticed qw's ghost (novice GrFi)
  7533 | D:8      | Found a transporter.
  7538 | D:8      | Found a transporter.
  7812 | D:8      | Found a one-way gate to the infinite horrors of the Abyss.
  8017 | D:8      | 8017 ||| PLANNING LAIR
  8017 | D:8      | 8017 ||| UPGRADING to scarf of repulsion.
  8027 | D:8      | 8027 ||| UPGRADING to +0 pair of gloves.
  8032 | D:8      | 8032 ||| DRINKING 3 sedimented brown potions.
  8032 | D:8      | Gained mutation: You have supernaturally acute eyesight.
                  | (SInv) [potion of mutation]
  8032 | D:8      | Gained mutation: You have a pair of small horns on your
                  | head. [potion of mutation]
  8033 | D:8      | 8033 ||| DROPPING +0 helmet.
  8034 | D:8      | 8034 ||| DROPPING ring of see invisible.
  8035 | D:8      | 8035 ||| READING 2 scrolls of identify.
  8035 | D:8      | 8035 ||| IDENTIFYING ruby potion
  8036 | D:8      | 8036 ||| DROPPING potion of brilliance.
  8085 | Lair:1   | Entered Level 1 of the Lair of Beasts
  8086 | Lair:1   | Noticed a boulder beetle
  8087 | Lair:1   | 8087 ||| Stepping ~*~*~tactically~*~*~ (stealth).
  8088 | Lair:1   | 8088 ||| INVOKING Heroism.
  8097 | Lair:1   | Killed a boulder beetle
  8097 | Lair:1   | Reached **** piety under Okawaru
  8098 | Lair:1   | Reached skill level 11 in Axes
  8105 | Lair:1   | 8105 ||| Stepping ~*~*~tactically~*~*~ (stealth).
  8151 | Lair:1   | 8151 ||| Stepping ~*~*~tactically~*~*~ (stealth).
  8161 | Lair:1   | Noticed a cane toad
  8168 | Lair:1   | Noticed a cane toad
  8169 | Lair:1   | 8169 ||| INVOKING Heroism.
  8173 | Lair:1   | Reached XP level 11. HP: 46/69 MP: 11/15
  8174 | Lair:1   | Reached skill level 9 in Fighting
  8177 | Lair:1   | Reached skill level 6 in Invocations
  8247 | Lair:1   | 8247 ||| Stepping ~*~*~tactically~*~*~ (stealth).
  8250 | Lair:1   | 8250 ||| INVOKING Heroism.
  8501 | Lair:1   | 8501 ||| INVOKING Heroism.
  8627 | Lair:1   | Found a transporter.
  8679 | Lair:1   | 8679 ||| INVOKING Heroism.
  8708 | Lair:1   | 8708 ||| Stepping ~*~*~tactically~*~*~ (stealth).
  8711 | Lair:1   | 8711 ||| Stepping ~*~*~tactically~*~*~ (stealth).
  8724 | Lair:1   | Found a transporter.
  9041 | Lair:1   | 9041 ||| READING scroll labelled TOUDOST VAQAWI.
  9042 | Lair:1   | 9042 ||| READING 2 scrolls labelled YPHASMOYLASM.
  9043 | Lair:1   | 9043 ||| READING scroll of enchant armour.
  9043 | Lair:1   | 9043 ||| ENCHANTING +0 pair of gloves.
  9044 | Lair:1   | 9044 ||| DRINKING 2 fizzy green potions.
  9045 | Lair:1   | 9045 ||| DRINKING 3 potions of curing.
  9045 | Lair:1   | 9045 ||| (to cure confusion)
  9046 | Lair:1   | 9046 ||| DROPPING potion of ambrosia.
  9070 | Lair:2   | 9070 ||| INVOKING Heroism.
  9083 | Lair:2   | Reached skill level 12 in Axes
  9085 | Lair:2   | Reached ***** piety under Okawaru
  9096 | Lair:2   | Identified the +0 plate armour of Crawling {Harm rCorr
                  | Dex-5} (Okawaru gifted it to you on level 2 of the Lair of
                  | Beasts)
  9096 | Lair:2   | Received a gift from Okawaru
  9100 | Lair:2   | Reached skill level 6 in Shields
  9170 | Lair:2   | 9170 ||| Stepping ~*~*~tactically~*~*~ (stealth).
  9172 | Lair:2   | 9172 ||| Stepping ~*~*~tactically~*~*~ (stealth).
  9268 | Lair:2   | 9268 ||| INVOKING Heroism.
  9275 | Lair:2   | Reached skill level 9 in Invocations
  9279 | Lair:2   | Reached XP level 12. HP: 66/77 MP: 16/18
  9361 | Lair:2   | 9361 ||| INVOKING Heroism.
  9406 | Lair:2   | Found a dark tunnel.
  9512 | Lair:2   | 9512 ||| Stepping ~*~*~tactically~*~*~ (stealth).
  9514 | Lair:2   | 9514 ||| Stepping ~*~*~tactically~*~*~ (stealth).
  9516 | Lair:2   | 9516 ||| Stepping ~*~*~tactically~*~*~ (stealth).
  9626 | Lair:2   | 9626 ||| Stepping ~*~*~tactically~*~*~ (stealth).
  9628 | Lair:2   | Noticed a skyshark
  9640 | Lair:2   | 9640 ||| INVOKING Heroism.
  9642 | Lair:2   | Killed a skyshark
 10084 | Lair:2   | 10084 ||| Stepping ~*~*~tactically~*~*~ (stealth).
 10380 | Lair:2   | 10380 ||| UPGRADING to ring of protection from fire.
 10381 | Lair:2   | 10381 ||| UPGRADING to +0 plate armour.
 10391 | Lair:2   | 10391 ||| REMOVING ring of ice.
 10392 | Lair:2   | 10392 ||| READING 2 scrolls of identify.
 10392 | Lair:2   | 10392 ||| IDENTIFYING fizzy yellow potion
 10461 | Lair:3   | Noticed a skyshark
 10467 | Lair:3   | 10467 ||| INVOKING Heroism.
 10469 | Lair:3   | Killed a skyshark
 10585 | Lair:3   | 10585 ||| READING scroll of enchant weapon.
 10585 | Lair:3   | 10585 ||| ENCHANTING +1 heavy war axe.
 10641 | Lair:3   | Noticed a skyshark
 10647 | Lair:3   | 10647 ||| INVOKING Heroism.
 10651 | Lair:3   | Killed a skyshark
 10783 | Lair:3   | Found a staircase to the Shoals.
 10785 | Lair:3   | Identified the +1 leather armour "Iqomed" {rElec Will+
                  | Int+3 Stlth-}
 10815 | Lair:3   | 10815 ||| Stepping ~*~*~tactically~*~*~ (stealth).
 10827 | Lair:3   | 10827 ||| INVOKING Heroism.
 10830 | Lair:3   | Reached skill level 6 in Armour
 10910 | Lair:3   | 10910 ||| INVOKING Heroism.
 11009 | Lair:3   | 11009 ||| INVOKING Heroism.
 11035 | Lair:3   | Found a runed translucent door.
 11035 | Lair:3   | Noticed qw's ghost (journeyman GrFi)
 11116 | Lair:3   | Found a runed translucent door.
 11117 | Lair:3   | Noticed a four-headed hydra
 11170 | Lair:3   | 11170 ||| Stepping ~*~*~tactically~*~*~ (hiding).
 11177 | Lair:3   | Found a staircase to the Snake Pit.
 11243 | Lair:3   | Noticed a four-headed hydra
 11244 | Lair:3   | 11244 ||| INVOKING Heroism.
 11249 | Lair:3   | 11249 ||| SWAPPING to +0 morningstar.
 11252 | Lair:3   | Killed a four-headed hydra
 11253 | Lair:3   | 11253 ||| SWAPPING to +2 heavy war axe.
 11374 | Lair:3   | 11374 ||| INVOKING Heroism.
 11643 | Lair:3   | 11643 ||| READING scroll labelled VANEGRIREZY.
 11644 | Lair:3   | 11644 ||| READING 2 scrolls of identify.
 11644 | Lair:3   | 11644 ||| IDENTIFYING bubbling brown potion
 11645 | Lair:3   | 11645 ||| DROPPING potion of invisibility.
 11681 | Lair:4   | Noticed a five-headed hydra
 11682 | Lair:4   | 11682 ||| INVOKING Heroism.
 11683 | Lair:4   | 11683 ||| Stepping ~*~*~tactically~*~*~ (stealth).
 11689 | Lair:4   | 11689 ||| SWAPPING to +0 morningstar.
 11699 | Lair:4   | Killed a five-headed hydra
 11700 | Lair:4   | 11700 ||| SWAPPING to +2 heavy war axe.
 11702 | Lair:4   | Reached skill level 9 in Armour
 11971 | Lair:4   | 11971 ||| INVOKING Heroism.
 11979 | Lair:4   | Reached skill level 13 in Axes
 11982 | Lair:4   | Reached XP level 13. HP: 76/82 MP: 18/20
 12143 | Lair:4   | 12143 ||| INVOKING Heroism.
 12199 | Lair:4   | Noticed Rupert
 12200 | Lair:4   | 12200 ||| INVOKING Heroism.
 12207 | Lair:4   | 12207 ||| DRINKING 2 potions of curing.
 12207 | Lair:4   | 12207 ||| (to cure confusion)
 12213 | Lair:4   | HP: 20/82 [Rupert/+4 executioner's axe of flaming (1)]
 12214 | Lair:4   | 12214 ||| READING scroll of teleportation.
 12215 | Lair:4   | 12215 ||| DRINKING 3 potions of heal wounds.
 12216 | Lair:4   | 12216 ||| DRINKING 2 potions of heal wounds.
 12216 | Lair:4   | Mangled by Rupert

Levels and vault maps discovered:
D:1:      minmay_arrival_diagonal_passages, layout_rooms, serial_forest,
          infiniplex_forest_clump_tiny, infiniplex_forest_lined_room_2,
          infiniplex_forest_side_room, infiniplex_forest_corner_1,
          infiniplex_forest_lined_2, infiniplex_forest_clump_double,
          infiniplex_forest_lined_3, infiniplex_forest_fountain, serial_shops,
          nicolae_shop_hallway_stairs, st_stairs_13, nrook_loot_triangle,
          glass_columns_c
D:2:      layout_basic, basic_altar, uniq_sigmund
D:3:      layout_basic, lemuel_tele_altar, minmay_misc_feat_enclosed,
          uniq_natasha
D:4:      layout_loops_ring, mainiacjoe_overflow_catwalk,
          grunt_temple_overflow_diamond, lemuel_temple_firewalk_b
D:5:      layout_gridville, nicolae_yredelemnul_corpse_copse,
          dk_rats_in_the_wall
D:6:      layout_cave_pools, serial_shops, nicolae_shop_mannequins,
          minmay_circle_x
D:7:      layout_cave_pods, minmay_manual_moon
D:8:      gammafunk_boulding_lane, layout_layer_cave, dpeg_oklobed_lair,
          serial_shops, nicolae_shop_statue_plus,
          gammafunk_ghost_abyssal_escape, uniq_maggie
Temple:   nicolae_temple_superstar
Lair:1:   gammafunk_worm_tunnel, layout_loops_ring, lemuel_fruit_tree,
          serial_bayou_shore_b
Lair:2:   layout_loops_ring, nicolae_volcano_entry_s_turn, beast_lair_carwin_10,
          lemuel_fruit_fields, lemuel_fruit_fields
Lair:3:   layout_cave_shapes, elwin_shoals_entry_rocks,
          minmay_snake_entry_guardpost_small, hellmonk_ghost_happy_afterlife,
          pf_torpor_hydra, infiniplex_staircase_pool
Lair:4:   layout_loops_ring, nicolae_slime_entry_field_trip, uniq_rupert

Skill      XL: |  1  2  3  4  5  6  7  8  9 10 11 12 |
---------------+-------------------------------------+-----
Axes           | 2 3 5 6 7 8 10 11 12 13 | 13.7
Fighting       | 4 5 7 8 9 10 | 10.0
Dodging        | 1 2 |  2.9
Throwing       | 2 |  2.7
Invocations    | 4 5 9 10 | 10.0
Shields        | 4 5 6 |  6.0
Armour         | 4 9 |  9.0

Action                     |  1- 3 |  4- 6 |  7- 9 | 10-12 | 13-15 || total
---------------------------+-------+-------+-------+-------+-------++-------
  Melee: War axe           |   103 |   129 |   182 |   322 |    24 ||   760
         Headbutt          |       |       |       |    50 |     6 ||    56
         Morningstar       |       |       |       |    13 |       ||    13
  Throw: Boomerang         |       |    10 |    58 |    82 |     6 ||   156
 Invoke: Heroism           |       |       |     4 |    20 |     2 ||    26
    Use: Scroll            |     1 |     3 |     9 |     9 |     1 ||    23
         Potion            |       |     3 |     1 |     3 |     3 ||    10
 Armour: Scale mail        |    61 |    89 |       |       |       ||   150
         Ring mail         |       |       |   169 |   137 |       ||   306
         Plate armour      |       |       |       |    89 |     9 ||    98
  Dodge: Dodged            |    42 |    80 |   132 |   195 |    14 ||   463
         Repelled          |       |       |       |     2 |       ||     2
  Block: Buckler           |    21 |    32 |    75 |   246 |    12 ||   386
         Reflection        |       |       |       |     2 |       ||     2

Table legend:
 A = Non-vault XP
 B = Vault XP
 C = Vault XP percentage of total XP
 D = Non-vault monster count
 E = Vault monster count
 F = Vault count percentage of total count
                 A         B        C        D         E       F
            +---------+---------+-------+---------+---------+-------
      Total |   29187 |    5623 |  16.2 |     242 |      58 |  19.3
            +---------+---------+-------+---------+---------+-------
        D:1 |      46 |       4 |   8.0 |      27 |       2 |   6.9
        D:2 |      48 |     226 |  82.5 |      16 |       1 |   5.9
        D:3 |      80 |      37 |  31.6 |       8 |       1 |  11.1
        D:4 |     259 |       0 |   0.0 |      21 |       0 |   0.0
        D:5 |     891 |     335 |  27.3 |      18 |      26 |  59.1
        D:6 |     961 |     517 |  35.0 |      24 |       6 |  20.0
        D:7 |     723 |    1753 |  70.8 |      11 |       6 |  35.3
        D:8 |    1016 |     404 |  28.5 |      20 |       1 |   4.8
     Lair:1 |    6165 |       0 |   0.0 |      27 |       0 |   0.0
     Lair:2 |    8332 |    1572 |  15.9 |      37 |       8 |  17.8
     Lair:3 |    4913 |     645 |  11.6 |      15 |       4 |  21.1
     Lair:4 |    5753 |     130 |   2.2 |      18 |       3 |  14.3
            +---------+---------+-------+---------+---------+-------
